 Dungeon Crawl Stone Soup version 0.23.2-40-g277498a001 (webtiles) character file.

Game seed: 8067010336950824181

621914 Htamos the Merfolkian Porcupine (level 27, -8/222 HPs)
             Began as a Merfolk Ice Elementalist on Aug 31, 2019.
             Was the Champion of Hepliaklqana.
             Mangled by an Orb Guardian (19 damage)
             ... on level 5 of the Realm of Zot.
             The game lasted 07:01:21 (74830 turns).

Htamos the Merfolkian Porcupine (MfIE)             Turns: 74830, Time: 07:01:22

Health: -8/222     AC: 21    Str: 14    XL:     27
Magic:  34/34      EV: 43    Int: 36    God:    Hepliaklqana [******]
Gold:   2474       SH:  0    Dex: 36    Spells: 10/41 levels left

rFire    . . .     SeeInvis +   s - +8 glaive (chaos)
rCold    + . .     Gourm    .   (shield currently unavailable)
rNeg     . . .     Faith    .   F - +4 ring mail of Submission {Regen+ rCorr Str-2 Int+6}
rPois    +         Spirit   .   Y - +1 helmet of Dishonesty {Regen+ Int+6 Dex+3}
rElec    .         Reflect  .   W - scarf {rC+ rF+}
rCorr    +         Harm     .   h - +2 pair of gloves {Dex+3}
MR       ++...     Clarity  +   n - +2 pair of boots
Stlth    ++++......             m - amulet "Ujiptept" {+Rage rPois Int+5}
HPRegen  1.27/turn              o - ring "Himo Guff" {Wiz rF- Dex+7}
MPRegen  0.24/turn              N - ring of Egomania {+Fly Dex+3 SInv}

@: agile
A: change form in water, swift swim, stealthy swim, reduced essence, icy blue
scales 1, clarity, deterioration 1
}: 3/15 runes: barnacled, abyssal, gossamer
a: Recall Ancestor, Ancestor Identity, Transference, Idealise, Renounce
Religion, Evoke Berserk Rage, Evoke Flight


You were on level 5 of the Realm of Zot.
You worshipped Hepliaklqana.
Hepliaklqana was exalted by your worship.
You were not hungry.

You visited 9 branches of the dungeon, and saw 48 of its levels.
You visited the Abyss 2 times.
You also visited: Gauntlet and Wizlab.

You collected 6575 gold pieces.
You spent 4101 gold pieces at shops.

Inventory:

Hand Weapons
 b - a +2 antimagic demon trident
 s - a +8 glaive of chaos (weapon)
 P - the +12 glaive of Prune {chop}
   (You took it off a deep elf archer on level 3 of the Elven Halls)

   It inflicts extra damage upon your enemies.
Missiles
 I - 12 throwing nets (quivered)
Armour
 h - a +2 pair of gloves of dexterity (worn)
 n - a +2 pair of boots (worn)
 q - the +7 plate armour "Raoh" {rC+}
   (You found it on level 3 of the Vaults)

   It protects you from cold.
 F - the +4 ring mail of Submission (worn) {Regen+ rCorr Str-2 Int+6}
   (You took it off a deep elf high priest on level 3 of the Elven Halls)

   It affects your strength (-2).
   It affects your intelligence (+6).
   It increases your rate of regeneration.
   It provides partial protection from all sources of acid and corrosion.
 T - the +2 chain mail of Valour {MR++}
   (You bought it in a shop on level 4 of the Dungeon)

   It affects your resistance to hostile enchantments.
 W - a scarf of resistance (worn)
 Y - the +1 helmet of Dishonesty (worn) {Regen+ Int+6 Dex+3}
   (You found it on level 2 of the Shoals)

   It affects your intelligence (+6).
   It affects your dexterity (+3).
   It increases your rate of regeneration.
Magical Staves
 M - an uncursed staff of wizardry
Jewellery
 f - an uncursed ring of fire {unknown}
 k - an uncursed ring of protection from fire
 m - the amulet "Ujiptept" (around neck) {+Rage rPois Int+5}
   (You found it on level 14 of the Dungeon)

   [amulet of rage]

   It affects your intelligence (+5).
   It protects you from poison.
   It lets you go berserk.
 o - the ring "Himo Guff" (left hand) {Wiz rF- Dex+7}
   (You bought it in a shop on level 2 of the Vaults)

   [ring of wizardry]

   It improves your spell success rate.
   It affects your dexterity (+7).
   It makes you vulnerable to fire.
 t - an uncursed ring of resist corrosion
 x - a +4 ring of slaying
 H - an uncursed ring of wizardry
 N - the ring of Egomania (right hand) {+Fly Dex+3 SInv}
   (You took it off a deep elf knight on level 3 of the Elven Halls)

   [ring of see invisible]

   It affects your dexterity (+3).
   It lets you see invisible.
   It lets you fly.
 S - an uncursed ring of protection from cold
 X - an uncursed ring of positive energy
Wands
 j - a wand of polymorph (9)
 w - a wand of enslavement (8)
 C - a wand of paralysis (8)
 D - a wand of flame (66)
 Z - a wand of digging (1)
Scrolls
 d - 5 scrolls of fog
 g - a scroll of enchant armour
 v - 4 scrolls of magic mapping
 y - a scroll of brand weapon
 B - 2 scrolls of amnesia
 V - 3 scrolls of identify
Potions
 l - 9 potions of flight
 p - 4 potions of brilliance
 r - 2 potions of curing
 A - 3 potions of magic
 E - a potion of agility
 G - 3 potions of mutation
 J - a potion of haste
 U - 3 potions of ambrosia
Miscellaneous
 a - a phial of floods
 e - a lamp of fire (inert)
 u - a fan of gales
 z - a lightning rod (4/4)
 L - a crystal ball of energy
 Q - 3 phantom mirrors
 R - a crystal ball of energy
Comestibles
 c - 79 rations


   Skills:
 * Level 26.8 Fighting
 O Level 27 Polearms
 - Level 5.0 Throwing
 - Level 8.0 Armour
 + Level 26.6 Dodging
 - Level 2.2 Stealth
 - Level 7.7 Spellcasting
 - Level 8.0 Conjurations
 - Level 5.0 Summonings
 - Level 11.8 Necromancy
 - Level 18.0 Ice Magic
 - Level 4.0 Air Magic
 - Level 8.0 Invocations
 - Level 4.0 Evocations


You had 10 spell levels left.
You knew the following spells:

 Your Spells              Type           Power        Failure   Level  Hunger
a - Freeze                Ice            ####         0%          1    None
b - Throw Frost           Conj/Ice       ######       1%          2    None
c - Summon Ice Beast      Ice/Summ       #######.     1%          4    None
d - Bolt of Cold          Conj/Ice       #######...   1%          6    #####..
e - Freezing Cloud        Conj/Ice/Air   ######....   5%          6    #####..
f - Simulacrum            Ice/Necr       #######...   1%          6    #####..
g - Summon Butterflies    Summ           #####...     1%          1    None
h - Borgnjor's Vile Clut  Necr/Erth      ######....   5%          5    ####...

Your spell library contained the following spells:

 Spells                   Type           Power        Failure   Level  Hunger
 Flame Tongue             Conj/Fire      #####        1%          1    None
 Magic Dart               Conj           ####         1%          1    None
 Shock                    Conj/Air       ####         1%          1    None
 Sting                    Conj/Pois      ####         1%          1    None
 Summon Small Mammal      Summ           ####         1%          1    None
 Corpse Rot               Necr           N/A          1%          2    None
 Poisonous Vapours        Pois/Air       ####..       1%          2    None
 Searing Ray              Conj           ######       1%          2    None
 Sublimation of Blood     Necr           #######...   1%          2    None
 Swiftness                Chrm/Air       ####....     1%          2    None
 Throw Flame              Conj/Fire      #####.       1%          2    None
 Call Canine Familiar     Summ           #####...     1%          3    None
 Dazzling Spray           Conj/Hex       #####.       1%          3    None
 Mephitic Cloud           Conj/Pois/Air  #####...     1%          3    None
 Ozocubu's Armour         Chrm/Ice       ######..     1%          3    None
 Static Discharge         Conj/Air       ######..     1%          3    None
 Stone Arrow              Conj/Erth      #####.       1%          3    None
 Animate Dead             Necr           N/A          1%          4    None
 Ice Form                 Ice/Tmut       ######..     1%          4    None
 Iskenderun's Mystic Bla  Conj           ######..     1%          4    None
 Throw Icicle             Conj/Ice       #######.     1%          4    None
 Agony                    Necr           #######.     1%          5    ####...
 Bolt of Draining         Conj/Necr      ######....   1%          5    ####...
 Dispel Undead            Necr           #######.     1%          5    ####...
 Metabolic Englaciation   Hex/Ice        ######....   1%          5    ####...
 Ozocubu's Refrigeration  Ice            #######...   1%          6    #####..
 Beastly Appendage        Tmut           ##....       2%          1    None
 Confusing Touch          Hex            ##....       2%          1    None
 Recall                   Summ/Tloc      N/A          2%          3    None
 Death Channel            Necr           #######...   2%          6    #####..
 Blink                    Tloc           N/A          3%          2    None
 Sticks to Snakes         Tmut           ##......     3%          2    None
 Airstrike                Air            #####.....   4%          4    None
 Force Lance              Conj/Tloc      #####...     4%          4    None
 Fulminant Prism          Conj/Hex       #####.....   4%          4    None
 Lightning Bolt           Conj/Air       ######....   4%          5    ####...
 Excruciating Wounds      Chrm/Necr      ######....   5%          5    ####...
 Confuse                  Hex            ##......     6%          3    None
 Gell's Gravitas          Tloc           ##........   6%          3    None
 Spider Form              Tmut/Pois      ##........   6%          3    None
 Aura of Abjuration       Summ           #####.....   8%          5    ####...
 Summon Demon             Summ           #####.....   8%          5    ####...
 Irradiate                Conj/Tmut      #####.....   12%         5    ####...
 Iskenderun's Battlesphe  Conj/Chrm      #####...     12%         5    ####...
 Venom Bolt               Conj/Pois      #####.....   12%         5    ####...
 Bolt of Magma            Conj/Fire/Erth ####......   19%         5    ####...
 Cause Fear               Hex            ##........   21%         4    None
 Leda's Liquefaction      Hex/Erth       ##........   21%         4    None
 Olgreb's Toxic Radiance  Pois           ##......     21%         4    None
 Petrify                  Tmut/Erth      ##......     21%         4    None
 Summon Forest            Summ/Tloc      ####......   21%         5    ####...
 Summon Mana Viper        Hex/Summ       ####....     21%         5    ####...
 Shadow Creatures         Summ           N/A          38%         6    #####..
 Blade Hands              Tmut           ##........   47%         5    ####...
 Yara's Violent Unravell  Hex/Tmut       ##........   47%         5    ####...
 Haunt                    Necr/Summ      ######....   47%         7    #######
 Bolt of Fire             Conj/Fire      #####.....   50%         6    #####..
 Iron Shot                Conj/Erth      #####.....   50%         6    #####..
 Orb of Destruction       Conj           ######....   52%         7    #######
 Borgnjor's Revivificati  Necr           #######...   69%         8    #######
 Infestation              Necr           #######...   69%         8    #######
 Spellforged Servitor     Conj/Summ      ######....   73%         7    #######
 Summon Hydra             Summ           #####.....   89%         7    #######
 Dispersal                Tloc           ##........   95%         6    #####..
 Hydra Form               Tmut           ##........   95%         6    #####..
 Statue Form              Tmut/Erth      ##.......    95%         6    #####..
 Malign Gateway           Summ/Tloc      ####......   99%         7    #######
 Dragon Form              Tmut           ##........   100%        7    #######
 Controlled Blink         Tloc           N/A          100%        8    #######
 Death's Door             Chrm/Necr      ######....   100%        8    #######
 Necromutation            Tmut/Necr      ######....   100%        8    #######
 Dragon's Call            Summ           #####.....   100%        9    #######
 Shatter                  Erth           ##........   100%        9    #######


Dungeon Overview and Level Annotations

Branches:
Dungeon (15/15)            Temple (0/1) D:6            Lair (6/6) D:10
 Shoals (4/4) Lair:2       Spider (4/4) Lair:2        Slime (0/5) Lair:5
    Orc (2/2) D:10            Elf (3/3) Orc:2        Vaults (4/5) D:13
  Crypt (0/3) Vaults:2     Depths (5/5) D:15            Zot (5/5) Depths:5

Altars:
Cheibriados
Dithmenos
Hepliaklqana
Kikubaaqudgha
Makhleb
Nemelex Xobeh
Okawaru
Ru
Sif Muna
Trog
Yredelemnul
Zin
Beogh

Shops:
D:4 [   Orc:2 *%*:[   Elf:2 }   Vaults:1 :(=}(   Vaults:2 [==   Depths:1 !
Depths:4 *

Portals:
Hell: Depths:1 Depths:2 Depths:3 Depths:4 Depths:5
Abyss: Depths:3 Depths:4
Pandemonium: Depths:2 Depths:3 Depths:5
Ziggurat: Depths:5
Trove: Vaults:3 (give 7 scrolls of blinking)

Annotations:
D:9 exclusion: downstairs
Shoals:1 exclusion: downstairs
Shoals:4 exclusions: drowned soul and kraken
Spider:1 exclusion: 2 downstairs
Spider:3 exclusion: 2 downstairs
Elf:1 exclusion: downstairs
Elf:2 5 runed translucent doors
Elf:3 exclusion: upstairs
Zot:4 2 transporters, exclusion: orange crystal statue
Zot:5 1 exclusion


Innate Abilities, Weirdness & Mutations

You revert to your normal form in water You are very nimble and swift while swimming.
You are very stealthy in the water. (Stealth+)
Your life essence is reduced to manifest your ancestor. (-10% HP)
You are partially covered in icy blue scales. (AC +2)
You possess an exceptional clarity of mind.
Your body sometimes deteriorates upon taking damage.


Message History

The helpless ancient lich fails to defend itself.
You hit the ancient lich.
The ancient lich is lightly damaged.
The Orb Guardian completely misses you. The Orb Guardian misses you.
The helpless ancient lich fails to defend itself.
You open the ancient lich like a pillowcase!!!!
You burn the ancient lich!
The ancient lich is almost destroyed.
The Orb Guardian completely misses you. x2
The helpless ancient lich fails to defend itself.
You cut the ancient lich into ribbons!!!!
You destroy the ancient lich!
You feel your dexterity returning. The Orb Guardian hits you!!
* * * LOW HITPOINT WARNING * * *
The Orb Guardian completely misses you. 3 Orb Guardians, an orb of fire and a draconian shifter come into view.
Unknown command.
You feel better. The Orb Guardian hits you!!
You die...

,,,,,,,,,,,,,,** *,,,,,,,,,,,,,
#########*##### ******##,#####
........###...# ##### #.......
........##...## #...###....#..
..#....)##...#######...##.....#..
.........................<.......
###...###....§§§#####...#......##
###...###.⌠..§§X#####.qX####...#
.............§XX@X§.XX*........#
############.§X#######...#######
#..§§X#####...#
#####.R#......#### ##.X.....##..#
#......#..#.### #......#..#...##
##......##.##..# ##.......#..#.##


You could see an orb of fire, a purple draconian shifter (wandering) and 8 Orb
Guardians.

Vanquished Creatures
  2 ancient liches (Zot:5)
  An orb of fire (Zot:4)
  2 juggernauts
  Boris (Vaults:4)
  A Killer Klown (Zot:1)
  4 curse toes
  7 golden dragons
  Arachne (Spider:4)
  A bone dragon (Abyss:1)
  3 electric golems
  8 tentacled monstrosities
  2 liches (Depths:4)
  4 deep elf blademasters (Elf:3)
  Asterion (Orc:2)
  The ghost of PeSeC the Tortoise, an adept MiFi of Okawaru (Spider:4)
  3 deep elf master archers (Elf:3)
  A titan (Depths:4)
  9 death cobs
  3 sphinxes
  An Executioner (Abyss:1)
  5 quicksilver dragons
  4 tentacled starspawn
  Donald (Spider:4)
  4 shadow dragons
  14 storm dragons
  Kirke (Elf:1)
  A daeva (Abyss:3)
  6 tengu reavers
  6 frost giants
  4 draconian monks
  13 fire giants
  7 vault wardens
  2 draconian knights
  2 iron dragons (Zot:4)
  5 ghost moths
  3 deep elf sorcerers (Elf:3)
  3 emperor scorpions (Spider:4)
  5 draconian scorchers
  Louise (D:15)
  A balrug (Abyss:1)
  3 deep elf elementalists
  2 draconian annihilators
  2 draconian stormcallers
  A reaper (Gauntlet)
  2 spriggan defenders (Depths:5)
  4 entropy weavers
  4 stone giants
  5 ironheart preservers
  6 green draconians
  A vampire knight (Depths:5)
  16 very ugly things
  9 deep elf annihilators
  5 deep elf demonologists
  Nessos (Lair:4)
  3 white draconians
  11 red draconians
  8 yellow draconians
  A minotaur (Gauntlet)
  8 black draconians
  5 spark wasps
  13 purple draconians
  A blizzard demon (Abyss:1)
  Snorg (D:11)
  4 merfolk javelineers (Shoals:4)
  An eidolon (Abyss:1)
  11 ettins
  6 deep elf death magi
  3 merfolk impalers
  6 ogre magi
  13 fire dragons
  2 jiangshi (Depths:2)
  4 deep elf high priests
  11 great orbs of eyes
  9 ice dragons
  5 rakshasas
  10 hydras
  A spriggan air mage (Depths:4)
  3 vault guards (Vaults:2)
  9 centaur warriors
  Erolcha (D:9)
  2 death knights
  Erica (D:8)
  8 yaktaur captains
  2 catoblepae (Lair:6)
  6 merfolk aquamancers
  An anaconda (Shoals:2)
  10 dancing weapons
  An alligator snapping turtle (Shoals:3)
  29 two-headed ogres
  4 deep troll earth magi
  A queen ant (Depths:1)
  4 vampire magi
  15 death yaks
  The ghost of execc the Blocker, a novice FoFi of Qazlal (D:10)
  6 deep troll shamans
  2 two-headed ogres (shapeshifter)
  4 orc high priests
  3 thrashing horrors (Abyss:3)
  5 wretched stars
  8 deep elf knights
  2 iron trolls (Depths:3)
  9 hell knights
  6 spriggan berserkers
  A fire crab (shapeshifter) (Depths:1)
  2 sixfirhies (Abyss:1)
  A storm dragon skeleton (Vaults:3)
  A death drake (Gauntlet)
  A spatial maelstrom (Abyss:1)
  9 sea snakes
  3 flayed ghosts
  A swamp dragon (shapeshifter) (Depths:4)
  14 deep trolls
  A lindwurm (Lair:6)
  4 unseen horrors
  2 wizards (D:14)
  11 orc knights
  6 deep elf archers
  5 glowing orange brains
  6 ironbrand convokers
  2 phantasmal warriors
  Pikel (D:6)
  3 harpies (Shoals:4)
  A harpy (shapeshifter) (Vaults:4)
  5 necromancers
  A wolf spider zombie (Gauntlet)
  4 oklob plants
  22 wolf spiders
  A stone giant zombie (Abyss:1)
  11 orb spiders
  56 deep elf magi
  An orc sorcerer (Vaults:1)
  A spectral centaur (Gauntlet)
  23 ugly things
  21 moths of wrath
  A faun (shapeshifter) (Depths:3)
  A salamander (D:15)
  9 manticores
  A salamander (shapeshifter) (Vaults:1)
  An elephant (shapeshifter) (Depths:4)
  3 fauns
  5 merfolk sirens
  8 cyclopes
  4 black mambas
  A stone giant skeleton (Abyss:1)
  9 vault sentinels
  2 gargoyles
  A guardian serpent (shapeshifter) (Vaults:4)
  5 smoke demons
  6 water nymphs
  9 spiny frogs
  2 torpor snails
  2 hellions (Abyss:3)
  41 yaktaurs
  A rime drake (Lair:6)
  4 ancient zymes
  11 demonic crawlers
  A yaktaur (shapeshifter) (Vaults:1)
  12 komodo dragons
  3 efreet
  7 freezing wraiths
  A hellwing (Gauntlet)
  16 merfolk
  A yaktaur skeleton (Vaults:3)
  6 trolls
  3 red devils (Abyss:1)
  4 tengu conjurers
  2 wind drakes
  A jumping spider (shapeshifter) (Vaults:3)
  40 jumping spiders
  12 hornets
  Grinder (D:6)
  20 slime creatures
  3 raiju (Abyss:3)
  A raiju (shapeshifter) (Depths:4)
  9 dream sheep
  A dream sheep (shapeshifter) (Depths:5)
  A fire giant simulacrum (Abyss:3)
  3 snapping turtles
  5 blink frogs (Lair:6)
  4 hippogriffs
  An ettin skeleton (Depths:1)
  2 shadows
  59 redbacks
  3 ynoxinuls
  42 yaks
  30 tarantellas
  2 air elementals
  4 wyverns
  18 water elementals
  2 humans
  10 large abominations
  4 spriggans
  6 wraiths
  A golden eye (Abyss:1)
  6 fire elementals
  A human (shapeshifter) (Depths:4)
  A hog (shapeshifter) (Vaults:2)
  3 fire bats (Abyss:1)
  A tarantella (shapeshifter) (Depths:2)
  A fire bat (shapeshifter) (Depths:4)
  3 basilisks
  Grum (D:11)
  2 steam dragons
  3 neqoxecs
  4 vampire mosquitoes
  A chaos spawn (Abyss:3)
  A spatial vortex (Abyss:1)
  5 insubstantial wisps (Abyss:3)
  Edmund (D:5)
  4 wargs (Orc:2)
  10 soldier ants
  2 hell hounds (Spider:1)
  15 water moccasins
  An acid dragon (Vaults:2)
  3 floating eyes
  3 porcupines
  5 ice beasts
  13 orc warriors
  2 sky beasts
  2 slaves
  A black bear (D:8)
  A necrophage (D:6)
  9 small abominations
  14 ogres
  A phantom (D:7)
  3 boggarts
  3 eyes of draining
  17 wolves
  9 centaurs
  16 crocodiles
  A snapping turtle skeleton (Abyss:2)
  A big kobold (D:11)
  11 bullfrogs
  2 earth elementals (Elf:1)
  4 scorpions
  A wyvern skeleton (D:14)
  8 killer bees
  2 vampire bats (Orc:1)
  3 electric eels
  3 howler monkeys (D:11)
  6 crimson imps
  2 human simulacra
  A quasit (Abyss:1)
  15 starcursed masses
  4 centaur zombies
  3 jellies
  25 orc priests
  2 bullfrog skeletons
  A gnoll shaman (D:5)
  9 hounds
  11 centaur skeletons
  An iron imp (Depths:3)
  24 worker ants
  Terence (D:2)
  2 iguanas
  8 orc wizards
  A killer bee zombie (D:8)
  9 gnolls
  11 adders
  4 shadow imps
  3 white imps
  2 adder skeletons
  2 dart slugs
  3 leopard geckos
  79 orcs
  3 ball pythons
  4 giant cockroaches
  6 goblins
  8 hobgoblins
  2 jackals (D:10)
  11 kobolds
  3 quokkas
  12 bats
  7 frilled lizards
  11 rats
  8 bushes (Zot:2)
  A fungus (Elf:3)
  3 plants
  A tentacle (Shoals:4)
1687 creatures vanquished.

Vanquished Creatures (collateral kills)
  An ancient lich (Zot:4)
  A juggernaut (Depths:4)
  A Killer Klown (Zot:4)
  A curse toe (Zot:4)
  4 golden dragons
  4 liches
  6 tentacled monstrosities
  Rupert (Lair:2)
  A deep elf master archer (Elf:3)
  2 quicksilver dragons
  A titan (Depths:4)
  2 sphinxes
  2 death cobs
  A tentacled starspawn (Abyss:1)
  2 shadow dragons
  2 storm dragons (Zot:1)
  5 fire giants
  5 frost giants
  A draconian knight (Zot:4)
  2 deep elf sorcerers (Elf:3)
  3 vault wardens
  A ghost moth (Spider:4)
  An iron dragon (shapeshifter) (Depths:2)
  A deep elf elementalist (Depths:3)
  An emperor scorpion (Spider:4)
  3 draconian shifters
  2 draconian annihilators
  2 ironheart preservers
  3 stone giants
  A spriggan defender (Depths:4)
  9 very ugly things
  An entropy weaver (Lair:2)
  4 red draconians
  Azrael (Spider:1)
  6 yellow draconians
  3 black draconians
  A dire elephant (D:15)
  3 deep elf demonologists
  A green draconian (Depths:5)
  11 purple draconians
  3 white draconians
  2 spark wasps (Depths:1)
  2 deep elf annihilators
  9 statues (WizLab)
  5 ettins
  A merfolk javelineer (Depths:4)
  2 merfolk impalers (Shoals:4)
  10 yaktaur captains
  A deep elf high priest (Elf:3)
  A deep elf death mage (Elf:3)
  A great orb of eyes (Depths:3)
  5 fire dragons
  A rakshasa (Abyss:1)
  9 ogre magi
  4 ice dragons
  5 hydras
  2 spriggan air magi
  2 centaur warriors
  2 merfolk avatars
  A merfolk aquamancer (Shoals:3)
  2 death yaks (Lair:3)
  8 deep troll shamans
  6 dancing weapons
  15 two-headed ogres
  3 deep troll earth magi
  A queen ant (Spider:1)
  A satyr (Shoals:2)
  2 spriggan berserkers
  A thrashing horror (Abyss:3)
  4 orc high priests (Orc:2)
  A sun demon (Abyss:1)
  A soul eater (Abyss:3)
  2 hell knights (Depths:5)
  A shadow wraith (Vaults:2)
  2 wretched stars
  2 sea snakes
  A spatial maelstrom (Abyss:3)
  4 deep elf knights
  An unseen horror (D:10)
  8 deep trolls
  A death drake (shapeshifter) (Depths:5)
  A flayed ghost (Depths:4)
  2 iron trolls (Depths:4)
  A wizard (Depths:4)
  5 deep elf archers
  2 harpies (Shoals:4)
  A spectral wolf spider (Gauntlet)
  A lindwurm (Lair:6)
  3 orb spiders
  10 oklob plants
  2 orc knights
  4 ironbrand convokers
  2 wolf spiders
  2 necromancers
  A salamander (Depths:5)
  33 deep elf magi
  3 cyclopes
  3 fauns
  18 ugly things
  A worldbinder (Abyss:1)
  7 manticores
  7 moths of wrath
  3 centaur zombies
  5 water nymphs
  A guardian serpent (shapeshifter) (Depths:3)
  3 merfolk sirens
  10 vault sentinels
  A large abomination (Abyss:1)
  A spiny frog (shapeshifter) (Vaults:3)
  7 spiny frogs
  An orange demon (Abyss:1)
  A human zombie (Vaults:3)
  2 rime drakes (Lair:6)
  23 yaktaurs
  A centaur skeleton (D:14)
  3 demonic crawlers
  4 freezing wraiths
  A komodo dragon (Lair:1)
  An ancient zyme (Abyss:1)
  A tengu conjurer (D:10)
  6 merfolk
  2 trolls
  3 jumping spiders
  20 slime creatures
  2 raiju
  A blink frog (Lair:6)
  A deep troll zombie (Depths:1)
  2 hornets
  A wind drake (Shoals:3)
  2 dream sheep
  3 snapping turtles
  3 hippogriffs
  A frost giant simulacrum (Depths:1)
  5 tarantellas
  A centaur simulacrum (D:15)
  A spriggan (Depths:3)
  A wyvern (Lair:6)
  A vampire (D:10)
  A redback (shapeshifter) (Vaults:3)
  7 yaks
  2 air elementals
  12 redbacks
  8 water elementals
  2 wraiths
  A fire elemental (Spider:1)
  A basilisk (Lair:2)
  4 hogs (Elf:1)
  A hungry ghost (D:15)
  A soldier ant (Spider:1)
  3 wargs
  An acid dragon (D:10)
  A hell hound (Spider:1)
  A porcupine (Lair:2)
  A floating eye (Depths:3)
  9 orc warriors
  An ice beast (D:7)
  2 black bears
  5 starcursed masses
  11 ogres
  5 sky beasts
  3 wolves
  A boggart (Depths:4)
  7 centaurs
  3 crocodiles
  2 bullfrogs
  A gnoll sergeant (D:10)
  An earth elemental (Elf:2)
  A wight (D:7)
  2 killer bees (D:11)
  A crimson imp (D:7)
  2 jellies (D:5)
  3 hounds
  8 orc priests
  3 orc wizards
  Crazy Yiuf (D:5)
  A bullfrog skeleton (D:4)
  4 worker ants
  An iguana (D:6)
  5 adders
  7 gnolls
  2 shadow imps
  A white imp (Depths:4)
  An adder zombie (D:7)
  A leopard gecko (D:6)
  34 orcs
  2 ball pythons
  A bat (Orc:1)
  5 jackals
  2 kobolds (D:11)
  6 bushes (Zot:2)
  7 fungi
  13 plants
  3 starspawn tentacles (Abyss:1)
687 creatures vanquished.

Vanquished Creatures (others)
  An Orb Guardian (Zot:5)
  A death cob (Zot:4)
  A draconian knight (Zot:5)
  A draconian scorcher (Zot:5)
  3 stone giants
  2 yaktaur captains
  A centaur warrior (Depths:4)
  A vampire mage (Depths:4)
  A shadow wraith (Vaults:2)
  2 deep elf archers (Elf:1)
  A deep elf mage (Elf:1)
  9 yaktaurs
  A merfolk (Shoals:3)
  A redback (Spider:2)
  A human (Elf:1)
  A hell hound (Spider:2)
  An ogre (Vaults:2)
  3 centaurs (Depths:3)
  A small abomination (Abyss:1)
  An orc priest (D:14)
  68 knights
  5 ancestors
  A demonic plant (Gauntlet)
  4 fungi
  41 plants
  15 starspawn tentacles
  23 tentacles (Shoals:4)
191 creatures vanquished.

Grand Total: 2565 creatures vanquished

Notes
Turn   | Place    | Note
-------+----------+-------------------------------------------
     0 | D:1      | Htamos the Merfolk Ice Elementalist began the quest for the
                  | Orb.
     0 | D:1      | Reached XP level 1. HP: 13/13 MP: 3/3
   289 | D:1      | Reached XP level 2. HP: 16/20 MP: 0/5
   684 | D:1      | Reached skill level 1 in Fighting
   841 | D:1      | Reached XP level 3. HP: 21/26 MP: 6/6
  1311 | D:2      | Noticed Terence
  1359 | D:2      | Killed Terence
  1359 | D:2      | Reached XP level 4. HP: 31/34 MP: 1/7
  1522 | D:2      | You fall through a shaft!
  1571 | D:3      | Found a bloodstained altar of Trog.
  1590 | D:3      | Found a burning altar of Makhleb.
  1965 | D:2      | Found a hazy altar of Hepliaklqana.
  2207 | D:2      | Became a worshipper of Hepliaklqana the Forgotten
  2252 | D:2      | Found Zin's Purification Station.
  2255 | D:2      | Found a glowing silver altar of Zin.
  2258 | D:2      | Bought a potion of curing for 90 gold pieces
  2526 | D:4      | Reached XP level 5. HP: 26/37 MP: 2/8
  2625 | D:4      | Found the +10 Black Knight's horse barding {ponderous,
                  | rPois rN+}
  2782 | D:4      | Got a transparent hand axe
  2799 | D:4      | Identified the +4 hand axe of Theory {venom, rF+ Dex+6
                  | SInv} (You found it on level 4 of the Dungeon)
  2809 | D:4      | Found Ozonezev's Armour Boutique.
  2905 | D:4      | Noticed an ogre
  2908 | D:4      | Noticed a sky beast
  2908 | D:4      | an ogre changed into a sky beast
  2915 | D:4      | Killed a sky beast
  2915 | D:4      | Reached skill level 5 in Fighting
  2915 | D:4      | Reached skill level 5 in Dodging
  2915 | D:4      | Reached XP level 6. HP: 38/45 MP: 9/9
  3028 | D:4      | Reached * piety under Hepliaklqana
  3168 | D:4      | Found a snail-covered altar of Cheibriados.
  3266 | D:5      | Entered Level 5 of the Dungeon
  3317 | D:5      | Reached XP level 7. HP: 48/51 MP: 10/10
  3384 | D:5      | Found a runed translucent door.
  3385 | D:5      | Noticed Crazy Yiuf
  3836 | D:5      | Reached skill level 1 in Polearms
  3845 | D:5      | Reached skill level 2 in Polearms
  4177 | D:5      | Noticed Edmund
  4184 | D:5      | Killed Edmund
  4184 | D:5      | Reached skill level 3 in Polearms
  4184 | D:5      | Reached XP level 8. HP: 51/58 MP: 12/12
  4244 | D:5      | Reached skill level 4 in Polearms
  4353 | D:5      | Reached ** piety under Hepliaklqana
  4458 | D:5      | Killed Crazy Yiuf
  4761 | D:6      | Noticed Pikel
  4770 | D:6      | Killed Pikel
  4770 | D:6      | Reached skill level 5 in Polearms
  4770 | D:6      | Reached skill level 1 in Throwing
  4770 | D:6      | Reached skill level 5 in Ice Magic
  4770 | D:6      | Reached XP level 9. HP: 53/65 MP: 14/14
  4916 | D:6      | Noticed Grinder
  4928 | D:6      | Killed Grinder
  4928 | D:6      | Reached skill level 6 in Polearms
  5017 | D:6      | Noticed Eustachio
  5019 | D:6      | Noticed Eustachio
  5019 | D:6      | Eustachio changed into Eustachio the ice beast
  5040 | D:6      | Killed Eustachio the ice beast
  5147 | D:6      | Noticed Sigmund
  5149 | D:6      | Noticed Sigmund
  5149 | D:6      | Sigmund changed into Sigmund the steam dragon
  5162 | D:6      | Killed Sigmund the steam dragon
  5175 | D:6      | Remembered your ancestor Yamquzzuhalamma as a knight
  5184 | D:6      | Found a staircase to the Ecumenical Temple.
  5219 | D:6      | Reached skill level 7 in Polearms
  5448 | D:6      | Found a deep blue altar of Sif Muna.
  5653 | D:7      | Reached skill level 1 in Evocations
  5660 | D:7      | Reached *** piety under Hepliaklqana
  5946 | D:7      | Noticed a two-headed ogre
  5962 | D:7      | Killed a two-headed ogre
  5962 | D:7      | Reached skill level 8 in Polearms
  5962 | D:7      | Reached XP level 10. HP: 74/74 MP: 15/17
  6521 | D:8      | Found a shadowy altar of Dithmenos.
  6719 | D:8      | Noticed Erica
  6730 | D:8      | Killed Erica
  6730 | D:8      | Reached skill level 9 in Polearms
  6730 | D:8      | Reached skill level 5 in Spellcasting
  7276 | D:8      | Reached **** piety under Hepliaklqana
  7406 | D:9      | Found a sacrificial altar of Ru.
  7728 | D:9      | Noticed Erolcha
  7737 | D:9      | Killed Erolcha
  7991 | D:10     | Entered Level 10 of the Dungeon
  7995 | D:10     | Reached skill level 10 in Polearms
  8113 | D:10     | Reached skill level 10 in Fighting
  8120 | D:10     | Reached XP level 11. HP: 42/81 MP: 19/19
  8417 | D:10     | Found a staircase to the Orcish Mines.
  8545 | D:10     | Found a roughly hewn altar of Beogh.
  8616 | D:10     | Found a staircase to the Lair.
  8699 | D:10     | Found a runed translucent gate.
  8700 | D:10     | Found a runed translucent gate.
  8700 | D:10     | Found a runed translucent gate.
  8700 | D:10     | Noticed execc's ghost (novice FoFi)
  9096 | D:10     | Killed an unseen horror
  9096 | D:10     | Reached skill level 11 in Polearms
  9524 | D:10     | Reached skill level 5 in Throwing
  9571 | D:10     | Killed execc's ghost
  9897 | D:11     | Noticed Snorg
  9904 | D:11     | Killed Snorg
  9904 | D:11     | Reached skill level 12 in Polearms
  9904 | D:11     | Reached skill level 10 in Dodging
  9923 | D:11     | Reached ***** piety under Hepliaklqana
  9990 | D:11     | Noticed a two-headed ogre
  9996 | D:11     | Killed a two-headed ogre
  9996 | D:11     | Reached XP level 12. HP: 90/90 MP: 21/21
 10340 | D:11     | Noticed a seven-headed hydra
 10344 | D:11     | Learned a level 2 spell: Throw Frost
 10351 | D:11     | Killed a seven-headed hydra
 10351 | D:11     | Reached skill level 13 in Polearms
 10483 | D:11     | Noticed Grum
 10488 | D:11     | Killed Grum
 11106 | D:12     | Reached skill level 14 in Polearms
 11312 | D:13     | Found a gate to the Vaults.
 11374 | Orc:1    | Entered Level 1 of the Orcish Mines
 11379 | Orc:1    | Noticed an orc high priest
 11384 | Orc:1    | Killed an orc high priest
 11940 | Orc:2    | Entered Level 2 of the Orcish Mines
 12217 | Orc:2    | Noticed an orc high priest
 12226 | Orc:2    | Killed an orc high priest
 12226 | Orc:2    | Reached XP level 13. HP: 87/99 MP: 22/22
 12341 | Orc:2    | Reached skill level 15 in Polearms
 12687 | Orc:2    | Found Zikkuror's Book Boutique.
 12687 | Orc:2    | Found Oqizu's Antique Armour Emporium.
 12703 | Orc:2    | Bought a distressingly furry ring mail for 243 gold pieces
 12703 | Orc:2    | Identified the cursed +1 ring mail of the Lily {MR+ Int+5}
                  | (You bought it in a shop on level 2 of the Orcish Mines)
 12740 | Orc:2    | Found a roughly hewn altar of Beogh.
 12748 | Orc:2    | Found Zamyal's Food Boutique.
 12748 | Orc:2    | Found Hoeliedu's Assorted Antiques.
 12756 | Orc:2    | Bought a scroll labeled AHATTA WIAHA for 24 gold pieces
 12756 | Orc:2    | Bought a bloodstained cloak for 228 gold pieces
 12767 | Orc:2    | Identified the +1 cloak of Huonafe {+Inv rCorr Str+2} (You
                  | bought it in a shop on level 2 of the Orcish Mines)
 12995 | Orc:2    | Found a staircase to the Elven Halls.
 13180 | Orc:2    | Found Wibromam's General Store.
 13361 | Orc:2    | Bought a book of Ice for 1040 gold pieces
 13441 | Lair:1   | Entered Level 1 of the Lair of Beasts
 13499 | Lair:1   | Gained mutation: You possess an exceptional clarity of
                  | mind. [potion of mutation]
 13499 | Lair:1   | Gained mutation: You are partially covered in icy blue
                  | scales. (AC +2) [potion of mutation]
 13774 | Lair:1   | Reached skill level 16 in Polearms
 14475 | Lair:2   | Found a staircase to the Shoals.
 15211 | Lair:2   | Reached skill level 1 in Armour
 15484 | Lair:2   | Reached ****** piety under Hepliaklqana
 15785 | Lair:2   | Found a hole to the Spider Nest.
 16169 | Lair:3   | Reached XP level 14. HP: 108/108 MP: 24/24
 16471 | Lair:3   | Reached skill level 17 in Polearms
 17180 | Lair:4   | Found a gate leading to a gauntlet.
 17214 | Gauntlet | Entered a Gauntlet
 17214 | Gauntlet | Found a transporter.
 17249 | Gauntlet | Found a transporter.
 17251 | Gauntlet | Found a transporter.
 17251 | Gauntlet | Found a transporter.
 17254 | Gauntlet | Found a transporter.
 17255 | Gauntlet | Found a transporter.
 17263 | Gauntlet | Found a transporter.
 17264 | Gauntlet | Found a transporter.
 17283 | Gauntlet | Noticed a reaper
 17284 | Gauntlet | Found a transporter.
 17301 | Gauntlet | Found a transporter.
 17305 | Gauntlet | Found a transporter.
 17316 | Gauntlet | Found a transporter.
 17769 | Gauntlet | Got a faintly glowing bone amulet
 17792 | Gauntlet | Killed a reaper
 17839 | Gauntlet | Got a pair of ichor-stained boots
 17859 | Gauntlet | Identified the +0 pair of boots "Cyantatu" {Dex+3} (You
                  | found it in a Gauntlet)
 17969 | Gauntlet | Reached skill level 15 in Fighting
 18011 | Gauntlet | Got a slimy scale mail
 18012 | Gauntlet | Identified the cursed +1 scale mail of the Kettle-Drum {rF+
                  | Dex+2} (You found it in a Gauntlet)
 18035 | Gauntlet | Got an encrusted hand axe
 18063 | Lair:4   | Learned a level 4 spell: Summon Ice Beast
 18070 | Lair:4   | Learned a level 6 spell: Bolt of Cold
 18077 | Lair:4   | Learned a level 6 spell: Freezing Cloud
 18084 | Lair:4   | Learned a level 6 spell: Simulacrum
 18742 | Lair:4   | Noticed Nessos
 18771 | Lair:4   | Killed Nessos
 18883 | Lair:4   | You fall through a shaft for 2 floors!
 18883 | Lair:6   | Entered Level 6 of the Lair of Beasts
 18918 | Lair:6   | Reached skill level 18 in Polearms
 19090 | Lair:6   | Reached XP level 15. HP: 116/116 MP: 26/26
 19731 | Lair:6   | Identified the amulet "Vovooroc" {Inacc Fragile +Fly rC+++
                  | Str+2} (You found it in a Gauntlet)
 20114 | Lair:6   | Reached skill level 5 in Armour
 21155 | Lair:5   | Found a staircase to the Slime Pits.
 21899 | Elf:1    | Entered Level 1 of the Elven Halls
 21899 | Elf:1    | Noticed Asterion
 22334 | D:4      | Bought a +0 pair of gloves of dexterity for 126 gold pieces
 22334 | D:4      | Bought the +2 chain mail of Valour {MR++} for 328 gold
                  | pieces
 22507 | Shoals:1 | Entered Level 1 of the Shoals
 22622 | Shoals:1 | Reached skill level 19 in Polearms
 24835 | Shoals:2 | Reached XP level 16. HP: 124/124 MP: 27/27
 24878 | Shoals:2 | Got a steaming helmet
 24889 | Shoals:2 | Identified the +1 helmet of Dishonesty {Regen+ Int+6 Dex+3}
                  | (You found it on level 2 of the Shoals)
 25732 | Shoals:3 | Identified the +2 long sword of the Abyss {elec, rF+}
 26323 | Shoals:4 | Entered Level 4 of the Shoals
 26806 | Shoals:4 | Identified the +6 hand axe of Fuqa {antimagic, MR+ Stlth+}
                  | (You found it in a Gauntlet)
 26829 | Shoals:4 | Noticed a kraken
 27144 | Shoals:4 | Identified the +0 chain mail of Hedonism {rPois rC- Int+3
                  | Slay+2}
 27955 | Shoals:3 | Reached skill level 20 in Polearms
 28729 | Shoals:4 | Got a barnacled rune of Zot
 29088 | Shoals:4 | Reached XP level 17. HP: 121/132 MP: 28/28
 29301 | Spider:1 | Entered Level 1 of the Spider Nest
 29330 | Spider:1 | Reached skill level 15 in Dodging
 29422 | Spider:1 | Noticed Rupert
 29721 | Lair:2   | Found a staircase to the Shoals.
 29754 | Lair:2   | Killed Rupert
 29799 | Lair:2   | Found a hole to the Spider Nest.
 30344 | Spider:2 | Noticed Azrael
 30588 | Spider:1 | Killed Azrael
 31081 | Spider:2 | Reached skill level 21 in Polearms
 31772 | Spider:3 | Reached skill level 10 in Ice Magic
 32570 | Spider:4 | Entered Level 4 of the Spider Nest
 32841 | Spider:4 | Noticed Arachne
 32880 | Spider:4 | Killed Arachne
 33339 | Spider:4 | Found a runed translucent gate.
 33340 | Spider:4 | Found a runed translucent gate.
 33341 | Spider:4 | Found a runed translucent gate.
 33343 | Spider:4 | Noticed PeSeC's ghost (adept MiFi)
 33362 | Spider:4 | Reached XP level 18. HP: 141/141 MP: 29/29
 33382 | Spider:4 | Noticed Donald
 33682 | Spider:4 | Killed Donald
 33769 | Spider:4 | Killed PeSeC's ghost
 35466 | Spider:4 | Got a gossamer rune of Zot
 35951 | D:13     | Reached skill level 1 in Summonings
 35965 | D:13     | Got a faintly glowing spear
 35966 | D:13     | Identified the +6 spear of Lurit {pierce, rF+ Str-5 Int-3
                  | Dex+9} (You found it on level 13 of the Dungeon)
 36909 | D:14     | Got a vibrating golden amulet
 37015 | D:14     | Identified the +1 spear "Qijiub" {drain, Int+2 SInv}
 37118 | D:14     | Reached skill level 1 in Conjurations
 37564 | D:15     | Entered Level 15 of the Dungeon
 37599 | D:15     | Reached skill level 1 in Air Magic
 37609 | D:15     | Reached skill level 1 in Necromancy
 38132 | D:15     | Noticed Louise
 38155 | D:15     | Killed Louise
 38204 | D:15     | Found a staircase to the Depths.
 38211 | D:15     | Reached XP level 19. HP: 126/148 MP: 30/30
 38348 | Depths:1 | Entered Level 1 of the Depths
 38392 | D:15     | Reached skill level 1 in Invocations
 38625 | D:15     | Reached skill level 5 in Summonings
 38940 | Depths:1 | Found a gateway to Hell.
 39315 | Depths:1 | Found Poroylot's Distillery.
 39323 | Depths:1 | Bought a potion of might for 76 gold pieces
 39323 | Depths:1 | Bought a potion of invisibility for 152 gold pieces
 39953 | Depths:2 | Noticed a lich
 39957 | Depths:2 | Paralysed by a lich for 5 turns
 39958 | Depths:2 | Killed a lich
 40292 | Depths:2 | Found a one-way gate leading to the halls of Pandemonium.
 40664 | Depths:2 | Reached XP level 20. HP: 134/156 MP: 22/31
 41563 | Depths:2 | Noticed an iron giant
 41563 | Depths:2 | a shadow dragon changed into an iron giant
 41566 | Depths:2 | Noticed a caustic shrike
 41566 | Depths:2 | an iron giant changed into a caustic shrike
 41570 | Depths:2 | Noticed a golden dragon
 41570 | Depths:2 | a caustic shrike changed into a golden dragon
 41576 | Depths:2 | a golden dragon changed into an acid blob
 41581 | Depths:2 | Noticed a golden dragon
 41581 | Depths:2 | an acid blob changed into a golden dragon
 41584 | Depths:2 | a golden dragon changed into an iron dragon
 42147 | Depths:3 | Reached skill level 5 in Invocations
 42573 | Depths:3 | Reached skill level 15 in Ice Magic
 43252 | Depths:3 | Found a one-way gate to the infinite horrors of the Abyss.
 43514 | Depths:3 | Paralysed by a floating eye for 4 turns
 43986 | Depths:3 | Noticed a juggernaut
 44056 | Depths:3 | Killed a juggernaut
 44103 | Depths:3 | Noticed a lich
 44109 | Depths:3 | Killed a lich
 44109 | Depths:3 | Reached XP level 21. HP: 162/162 MP: 32/32
 44582 | Depths:3 | Paralysed by a floating eye for 3 turns
 44611 | Depths:3 | Identified the amulet "Ujiptept" {+Rage rPois Int+5} (You
                  | found it on level 14 of the Dungeon)
 45259 | Depths:4 | Found Ikauluot's Assorted Antiques.
 45493 | Depths:4 | Paralysed by a floating eye for 2 turns
 46621 | Depths:4 | Noticed a golden dragon
 46640 | Depths:4 | Killed a golden dragon
 46818 | Depths:4 | Reached skill level 5 in Conjurations
 46818 | Depths:4 | Reached skill level 5 in Necromancy
 46926 | Depths:4 | Noticed a juggernaut
 46935 | Depths:4 | Killed a juggernaut
 46940 | Depths:4 | Reached XP level 22. HP: 172/172 MP: 26/33
 47239 | Depths:4 | Found an ancient bone altar of Kikubaaqudgha.
 47552 | Depths:4 | Found a snail-covered altar of Cheibriados.
 47754 | Depths:4 | Found a sparkling altar of Nemelex Xobeh.
 47988 | Depths:4 | Found an iron altar of Okawaru.
 48322 | Depths:5 | Entered Level 5 of the Depths
 48575 | Depths:5 | Noticed a golden dragon
 48590 | Depths:5 | Killed a golden dragon
 49960 | Depths:5 | Reached XP level 23. HP: 170/179 MP: 34/34
 50086 | Depths:5 | Found a gateway to a ziggurat.
 50274 | Depths:5 | Found a gate to the Realm of Zot.
 51034 | Orc:2    | Killed Asterion
 51218 | Elf:1    | Noticed Kirke
 51234 | Elf:1    | Killed Kirke
 51289 | Elf:1    | Identified a scroll of acquirement
 51290 | Elf:1    | Got a steaming amethyst amulet
 51291 | Elf:1    | Identified the amulet of Satisfaction {Harm *Drain rElec
                  | rF+} (You acquired it on level 1 of the Elven Halls)
 51616 | Elf:1    | Reached skill level 22 in Polearms
 51718 | Elf:1    | Identified the Almanac of the Escort
 51722 | Elf:1    | Learned a level 1 spell: Summon Butterflies
 52474 | Elf:2    | Found a huge runed translucent gate.
 52474 | Elf:2    | Found a huge runed translucent gate.
 52474 | Elf:2    | Found a huge runed translucent gate.
 52475 | Elf:2    | Found a huge runed translucent gate.
 52476 | Elf:2    | Found a huge runed translucent gate.
 52549 | Elf:2    | Found Yngaitoa's Gadget Shoppe.
 52557 | Elf:2    | Bought a phantom mirror for 450 gold pieces
 53074 | Elf:3    | Entered Level 3 of the Elven Halls
 54662 | Elf:3    | Identified the ring "Temuw" {rElec rC+ rN+ Str-3}
 54774 | Elf:3    | Identified the +10 war axe of Xom's Esteem {venom, rElec
                  | rC+}
 54774 | Elf:3    | Identified the ring of Egomania {+Fly Dex+3 SInv}
 54903 | Elf:3    | Identified the +8 long sword of the Disturbing Moons
                  | {flame, rElec}
 54903 | Elf:3    | Identified the +4 ring mail of Submission {Regen+ rCorr
                  | Str-2 Int+6}
 54961 | Elf:3    | Identified the cursed +1 ring mail of Indecent Exposure
                  | {rF++ rC+ Str-2 Dex+4}
 55019 | Elf:3    | Reached skill level 23 in Polearms
 55825 | Elf:3    | Identified the +3 flail of Xuafuisch {crush, rF+ rN+ Str-4
                  | Dex+4}
 55868 | Elf:3    | Identified the cursed +2 dagger of the Tooth {flame, Dex+5}
 55987 | Elf:3    | Identified the +2 scale mail of Mumblety Peg {rN+ MR+
                  | rCorr}
 56053 | Elf:3    | Identified the +9 war axe of Vaokh {antimagic, rElec rF+}
 56071 | Elf:3    | Reached XP level 24. HP: 188/188 MP: 34/34
 56972 | Elf:3    | Identified the Catalogue of Feathery Cold
 56985 | Elf:3    | Identified the Disquisition on Dislocation
 56988 | Elf:3    | Identified Visec's Thorough Guide to Wizardry
 56994 | Elf:3    | Got a warped zirconium amulet
 56995 | Elf:3    | Identified the amulet of Cappoul {Inacc Str+4 Dex-4 SInv}
                  | (You found it on level 3 of the Elven Halls)
 57322 | Vaults:1 | Entered Level 1 of the Vaults
 57329 | Vaults:1 | Found Ygeelyl's Antique Weapon Boutique.
 57512 | Vaults:1 | Found Tanyude's Gadget Shoppe.
 57515 | Vaults:1 | Bought a phantom mirror for 450 gold pieces
 57942 | Vaults:1 | Found Begoj's Weapon Shop.
 57981 | Vaults:1 | Found Ifrayme's Jewellery Boutique.
 58191 | Vaults:1 | Found Winy's Book Shop.
 58736 | Vaults:2 | Found Ifoopef's Jewellery Boutique.
 58759 | Vaults:2 | Found Perun's Armour Emporium.
 58784 | Vaults:2 | Found a magical portal.
 58790 | WizLab   | Entered Iskenderun's Mystic Tower
 59157 | WizLab   | Reached skill level 24 in Polearms
 60662 | WizLab   | Identified Sif Muna's Almanac of the Torrid Mountains
 60674 | WizLab   | Identified Iskenderun's Grimoire of Attacks
 60674 | WizLab   | Identified Iskenderun's Volume of Confrontation
 60951 | Vaults:2 | Found Faska's Jewellery Shoppe.
 61050 | Vaults:2 | Bought the ring "Himo Guff" {Wiz rF- Dex+7} for 894 gold
                  | pieces
 61141 | Vaults:2 | Identified the +2 great sword of Integrity {holy, rPois rC+
                  | Dex+3}
 61563 | Vaults:2 | Reached skill level 25 in Polearms
 61930 | Vaults:2 | Found a staircase to the Crypt.
 61930 | Vaults:2 | Found a basalt altar of Yredelemnul.
 61931 | Vaults:2 | Found an ancient bone altar of Kikubaaqudgha.
 62154 | Vaults:2 | Reached XP level 25. HP: 197/197 MP: 34/34
 62631 | Vaults:3 | Learned a level 5 spell: Borgnjor's Vile Clutch
 63111 | Vaults:3 | Got a warped plate armour
 63765 | Vaults:3 | Found a portal to a secret trove of treasure.
 64064 | Vaults:4 | Noticed Boris
 64074 | Vaults:4 | Killed Boris
 64074 | Vaults:4 | Reached skill level 26 in Polearms
 65599 | Depths:3 | Voluntarily entered the Abyss.
 65934 | Abyss:1  | Gained mutation: Your body sometimes deteriorates upon
                  | taking damage. [a neqoxec]
 66169 | Abyss:1  | Reached XP level 26. HP: 160/205 MP: 34/34
 66180 | Depths:3 | Escaped the Abyss
 66229 | Depths:3 | Voluntarily entered the Abyss.
 66713 | Abyss:3  | Paralysed by accursed screaming for 2 turns
 66765 | Abyss:3  | Found an iron altar of Okawaru.
 66803 | Abyss:3  | Reached skill level 27 in Polearms
 66981 | Abyss:3  | Paralysed by accursed screaming for 1 turns
 66992 | Abyss:3  | Paralysed by accursed screaming for 1 turns
 67000 | Abyss:3  | Paralysed by accursed screaming for 1 turns
 67035 | Abyss:3  | Got an abyssal rune of Zot
 67169 | Depths:3 | Escaped the Abyss
 67287 | Zot:1    | Entered Level 1 of the Realm of Zot
 67298 | Zot:1    | Reached skill level 10 in Necromancy
 68888 | Zot:2    | Noticed a Killer Klown
 68969 | Zot:1    | Killed a Killer Klown
 69820 | Zot:1    | Identified the +7 plate armour "Raoh" {rC+} (You found it
                  | on level 3 of the Vaults)
 70142 | Zot:2    | Reached XP level 27. HP: 104/214 MP: 34/34
 72571 | Zot:4    | Noticed an ancient lich
 72585 | Zot:4    | Killed an ancient lich
 72594 | Zot:4    | Noticed an orb of fire
 72810 | Zot:4    | Found a transporter.
 72810 | Zot:4    | Found a transporter.
 73106 | Zot:4    | Identified the +2 falchion of Termination {freeze, -Tele
                  | rN+ Str+3}
 73114 | Zot:4    | Killed an orb of fire
 73142 | Zot:4    | Noticed a juggernaut
 73142 | Zot:4    | a Killer Klown changed into a juggernaut
 73155 | Zot:4    | Killed a juggernaut
 73631 | Zot:5    | Entered Level 5 of the Realm of Zot
 74811 | Zot:5    | Noticed an ancient lich
 74822 | Zot:5    | Noticed an ancient lich
 74825 | Zot:5    | Killed an ancient lich
 74829 | Zot:5    | Killed an ancient lich
 74829 | Zot:5    | HP: 3/222 [Orb Guardian (24)]
 74830 | Zot:5    | Noticed an orb of fire
 74830 | Zot:5    | Mangled by an Orb Guardian

Skill      XL: |  1  2  3  4  5  6  7  8  9 10 11 12 13 14 15 16 17 18 19 20 21 22 23 24 25 26 27 |
---------------+----------------------------------------------------------------------------------+-----
Dodging        | 3 4 5 6 7 8 10 11 12 13 14 15 16 17 18 19 20 21 22 23 24 26 | 26.6
Fighting       | 1 2 3 5 6 7 9 10 11 13 14 15 16 17 18 19 20 21 22 23 24 26 | 26.8
Ice Magic      | 4 5 6 7 8 9 10 12 14 15 17 18 | 18.0
Polearms       | 3 5 8 10 12 14 16 18 19 20 21 23 25 26 27 | 27.0
Spellcasting   | 3 4 5 6 7 |  7.7
Throwing       | 1 3 4 5 |  5.0
Evocations     | 2 3 4 |  4.0
Armour         | 1 3 5 7 8 |  8.0
Summonings     | 4 5 |  5.0
Conjurations   | 1 3 4 5 7 8 |  8.0
Air Magic      | 1 3 4 |  4.0
Necromancy     | 1 3 4 5 7 8 9 11 | 11.8
Invocations    | 4 7 8 |  8.0
Stealth        | |  2.2

Action                   |  1- 3 |  4- 6 |  7- 9 | 10-12 | 13-15 | 16-18 | 19-21 | 22-24 | 25-27 || total
-------------------------+-------+-------+-------+-------+-------+-------+-------+-------+-------++-------
Melee: Unarmed           |     1 |       |       |       |       |       |       |       |       ||     1
       Short sword       |    39 |    26 |       |       |       |       |       |       |       ||    65
       Dagger            |     1 |       |       |       |       |       |       |       |       ||     1
       Hand axe          |       |    28 |    42 |       |       |       |       |       |       ||    70
       Halberd           |       |       |   120 |   461 |   738 |  1245 |   895 |   598 |       ||  4057
       Scimitar          |       |       |       |       |    23 |    17 |       |       |       ||    40
       Tailslap          |       |       |       |       |       |     5 |     1 |       |       ||     6
       Spear             |       |       |       |       |       |     5 |       |       |       ||     5
       Demon trident     |       |       |       |       |       |       |    24 |       |    25 ||    49
       Staff             |       |       |       |       |       |       |     2 |    25 |       ||    27
       Glaive            |       |       |       |       |       |       |       |   580 |  1580 ||  2160
Throw: Throwing net      |       |       |       |       |       |       |       |       |     2 ||     2
 Cast: Freeze            |    34 |    19 |       |    10 |       |       |       |       |       ||    63
       Throw Frost       |       |       |       |     2 |       |       |       |       |       ||     2
       Summon Ice Beast  |       |       |       |       |       |       |     4 |    36 |     5 ||    45
       Summon Butterflie |       |       |       |       |       |       |       |    32 |       ||    32
Invok: Ancestor Life: Kn |       |       |     1 |       |       |       |       |       |       ||     1
       Ancestor Identity |       |       |     1 |       |       |       |       |       |       ||     1
       Recall Ancestor   |       |       |       |     2 |    11 |     7 |     4 |     8 |    13 ||    45
       Idealise          |       |       |       |       |     2 |     1 |    25 |     4 |     7 ||    39
 Abil: Evoke Invisibilit |       |       |       |       |       |       |     1 |       |       ||     1
Evoke: Wand              |       |     3 |    27 |    39 |    73 |    59 |    20 |    12 |    23 ||   256
       Phial of floods   |       |       |       |       |     3 |     4 |     5 |     6 |     2 ||    20
       Box of beasts     |       |       |       |       |     2 |       |       |       |       ||     2
       Lightning rod     |       |       |       |       |       |       |     3 |       |       ||     3
       Phantom mirror    |       |       |       |       |       |       |       |     1 |     2 ||     3
       Lamp of fire      |       |       |       |       |       |       |       |     1 |     2 ||     3
       Fan of gales      |       |       |       |       |       |       |       |       |     1 ||     1
  Use: Scroll            |       |     3 |     8 |    10 |    16 |    29 |    11 |    18 |    16 ||   111
       Potion            |       |     2 |     1 |     2 |    11 |     7 |    12 |     3 |    32 ||    70
 Stab: Sleeping          |     2 |     4 |     2 |    12 |     6 |     1 |     2 |     5 |     6 ||    40
       Paralysed         |       |       |    11 |     3 |       |       |     8 |       |     5 ||    27
       Distracted        |       |       |     2 |     6 |    12 |    26 |    27 |    49 |    45 ||   167
       Invisible         |       |       |       |     1 |       |       |     1 |       |       ||     2
       Confused          |       |       |       |       |     3 |       |       |       |       ||     3
       Petrified         |       |       |       |       |     3 |       |       |       |       ||     3
       Held in net/web   |       |       |       |       |       |     1 |       |       |       ||     1
  Eat: Chunk             |     2 |     6 |     9 |    17 |    24 |    37 |    21 |    15 |    18 ||   149
       Ration            |       |       |       |     1 |     5 |     5 |       |    10 |     7 ||    28
Armor: Robe              |    23 |    10 |       |    10 |       |       |       |       |       ||    43
       Ring mail         |       |     2 |    31 |     7 |    74 |    34 |   116 |   112 |   289 ||   665
       Troll leather arm |       |       |       |    43 |     8 |       |       |       |       ||    51
       Chain mail        |       |       |       |       |    23 |   483 |       |       |       ||   506
       Skin              |       |       |       |       |       |       |     2 |    25 |       ||    27
Dodge: Dodged            |    59 |    50 |    92 |   208 |   290 |   969 |   559 |   735 |  1626 ||  4588
       Rpst.: Scimitar   |       |       |       |       |     4 |     4 |       |       |       ||     8
